 Dungeon Crawl Stone Soup version 0.31-a0-986-g5e6e4ef867 (webtiles) character file.

Game seed: 13953244194823906956

198 Curundu the Trooper (level 5, -3/46 HPs)
             Began as a Draconian Berserker on Nov 17, 2023.
             Was a Believer of Trog.
             Slain by a black bear (10 damage)
             ... on level 4 of the Dungeon.
             The game lasted 00:19:50 (3246 turns).

Curundu the Trooper (Draconian Berserker)           Turns: 3246, Time: 00:19:50

Health: -3/46      AC:  8    Str: 19    XL:     5   Next: 47%
Magic:  5/5        EV: 13    Int:  7    God:    Trog [**....]
Gold:   225        SH:  0    Dex: 13    Spells: 4/4 levels left

rFire   . . .        t - +3 short sword
rCold   . . .        (no shield)
rNeg    . . .        (body armour unavailable)
rPois   .            y - +0 hat
rElec   .            i - +0 cloak
rCorr   .            b - +0 pair of gloves
SInv    .            v - +0 pair of boots
Will    .....        n - amulet of regeneration
Stlth   ++           h - ring of flight
HPRegen 1.07/turn    (no ring)
MPRegen 0.09/turn

%: no passive effects
@: flying
A: AC +5, unfitting armour, cold-blooded
a: Renounce Religion, Berserk, Trog's Hand


You were on level 4 of the Dungeon.
You worshipped Trog.
Trog was pleased with you.
You visited 1 branch of the dungeon, and saw 4 of its levels.

You collected 225 gold pieces.

Inventory:

Hand Weapons
 a - a +0 hand axe
 d - a +1 dagger of venom
 t - a +3 short sword (weapon)
Missiles
 c - 21 stones
 j - 8 poisoned darts (quivered)
Armour
 b - a +0 pair of gloves (worn)
 i - a +0 cloak (worn)
 v - a +0 pair of boots (worn)
 y - a +0 hat (worn)
Jewellery
 h - a ring of flight (left hand)
 n - an amulet of regeneration (around neck)
Scrolls
 g - 4 scrolls of teleportation {unknown}
 k - a scroll of noise {unknown}
 l - a scroll of brand weapon {unknown}
 m - a scroll of enchant armour {unknown}
 q - a scroll of fear {unknown}
 s - a scroll of poison {unknown}
Potions
 e - a potion of berserk rage {unknown}
 f - 2 potions of might {unknown}
 o - a potion of attraction {unknown}
 p - a potion of invisibility {unknown}
 r - a potion of degeneration {unknown}
 u - 2 potions of haste {unknown}
 w - a potion of ambrosia {unknown}
 x - a potion of curing {unknown}
 z - a potion of heal wounds {unknown}


   Skills:
 + Level 4.2 Fighting
 + Level 2.8 Short Blades
 + Level 3.1 Axes
 + Level 0.2 Throwing
 + Level 3.7 Dodging
 + Level 1.8 Stealth


You had 4 spell levels left.
You didn't know any spells.
Your spell library was empty.

Dungeon Overview and Level Annotations

Branches:
Dungeon (4/15)
 Temple: D:4-7

Altars:
Dithmenos
Yredelemnul
The Shining One


Innate Abilities, Weirdness & Mutations

Your plain brown scales are hard. (AC +5)
You cannot fit into any form of body armour.
You are cold-blooded and may be slowed by cold attacks.


Message History

You barely miss the black bear.
You tail-slap the black bear, but do no damage.
The black bear is almost dead.
The black bear misses you. The black bear barely misses you.
The black bear claws you. The iguana closely misses you.
The quokka closely misses you.
You barely miss the black bear.
The black bear is almost dead.
The black bear closely misses you. The black bear claws you.
The black bear claws you but does no damage.
The iguana closely misses you. The quokka closely misses you.
The black bear misses you. The black bear claws you.
The black bear claws you but does no damage.
You hit the black bear but do no damage.
You tail-slap the black bear, but do no damage.
The black bear is almost dead.
The black bear barely misses you.
The black bear claws you but does no damage.
The black bear misses you. The quokka misses you.
The iguana bites you but does no damage.
You hit the black bear but do no damage.
You tail-slap the black bear.
The black bear is almost dead.
The black bear closely misses you. The black bear barely misses you. x2
The quokka barely misses you. The iguana bites you.
Unknown command.
You closely miss the black bear.
Your tail-slap misses the black bear.
The black bear is almost dead.
The black bear misses you. The black bear claws you. x2
The quokka bites you but does no damage.
The black bear bites you.
* * * LOW HITPOINT WARNING * * *
The black bear barely misses you. The black bear claws you.
* * * LOW HITPOINT WARNING * * *
The iguana closely misses you.
You barely miss the black bear.
The black bear is almost dead.
The quokka bites you but does no damage.
The black bear bites you!
You die...

###.### #.# # #.### ##
#.##. ...###### #.#..
......# #.... ....#
###.#.. #lh#♣
#♣####.<.... ##r@.♣
+..........# #.##...#♣
#♣..##.....#
#......<♣♣♣♣♣#.##.....#
#..#...#.##....##......
...
##.##.##.##.#####.## ##
#. #.##.##.#####.#
#.##.....#.......#
#........)....####
.........#.†#........


You could see a black bear (berserk), an iguana and a quokka.

Vanquished Creatures
  A scorpion (D:4)
  A hound (D:3)
  5 adders
  A dart slug (D:1)
  An orc (D:4)
  7 endoplasms
  6 giant cockroaches
  3 goblins
  3 hobgoblins
  4 jackals (D:2)
  4 kobolds
  4 quokkas
  5 ball pythons
  6 bats
  3 frilled lizards
  4 rats
58 creatures vanquished.

Notes
Turn   | Place    | Note
-------+----------+-------------------------------------------
     0 | D:1      | Curundu the Draconian Berserker began the quest for the
                  | Orb.
     0 | D:1      | Reached XP level 1. HP: 19/19 MP: 1/1
   401 | D:1      | Found a faded altar of an unknown god.
   491 | D:1      | Reached XP level 2. HP: 27/27 MP: 2/2
   764 | D:1      | Found Qacvior's Distillery.
  1142 | D:2      | Reached XP level 3. HP: 26/33 MP: 3/3
  1282 | D:2      | Reached skill level 1 in Short Blades
  1298 | D:2      | Reached skill level 4 in Fighting
  1372 | D:2      | Reached ** piety under Trog
  2083 | D:3      | Reached XP level 4. HP: 40/40 MP: 4/4
  2335 | D:3      | Reached skill level 1 in Stealth
  3001 | D:4      | Found a shadowy altar of Dithmenos.
  3001 | D:4      | Found a faded altar of an unknown god.
  3009 | D:4      | Found a glowing golden altar of the Shining One.
  3016 | D:4      | Found a faded altar of an unknown god.
  3018 | D:4      | Found a basalt altar of Yredelemnul.
  3173 | D:4      | Noticed a scorpion
  3190 | D:4      | Killed a scorpion
  3191 | D:4      | Reached XP level 5. HP: 30/46 MP: 5/5
  3231 | D:4      | Noticed a black bear
  3246 | D:4      | Slain by a black bear

Illustrated notes

Levels and vault maps discovered:
D:1:      minmay_arrival_stair_chambers, layout_loops_ring, serial_shops,
          nicolae_shop_industrial_runoff, shapermc_ecumenical_altar_petra
D:2:      layout_loops_ring
D:3:      layout_basic, amcnicky_mini_rare_corridor_liquid
D:4:      layout_loops_ring, kennysheep_mini_moat,
          chequers_temple_overflow_minitemple, minmay_temple_entry_proselytizer,
          nicolae_zen_rock_garden

Skill      XL: |  1  2  3  4 |
---------------+-------------+-----
Dodging        | 3 |  3.7
Short Blades   | 1 2 |  2.8
Fighting       | 4 |  4.2
Stealth        | 1 |  1.8
Axes           | |  3.1
Throwing       | |  0.2

Action                     |  1- 3 |  4- 6 || total
---------------------------+-------+-------++-------
  Melee: Dagger            |   102 |       ||   102
         Tailslap          |    12 |    12 ||    24
         Short sword       |     9 |    73 ||    82
         Punch             |       |     2 ||     2
  Throw: Dart              |     2 |     4 ||     6
   Stab: Sleeping          |     1 |     1 ||     2
 Armour: Skin              |    56 |    56 ||   112
  Dodge: Dodged            |    71 |    58 ||   129

Table legend: (Time is in decaauts)
 A = Elapsed time spent in this place.
 B = Non-inter-level travel time spent in this place.
 C = Inter-level travel time spent in this place.
 D = Time resting spent in this place.
 E = Time spent auto-exploring this place.
 F = Levels seen in this place.
 G = Mean time per level.
                   A        B        C        D        E       F      G
               +--------+--------+--------+--------+--------+-----+--------+
         Total |   3233 |   3233 |      0 |     41 |      0 |   4 |  808.2 |
       Dungeon |   3233 |   3233 |      0 |     41 |      0 |   4 |  808.2 |
               +--------+--------+--------+--------+--------+-----+--------+

Top non-repeatable levels by time:
     D:3: 1103 daAuts
     D:2: 979 daAuts
     D:1: 906 daAuts
     D:4: 244 daAuts
